 Dungeon Crawl Stone Soup version 0.29.1-4-g47bece8355 (webtiles) character file.

Game seed: 11463927009604035657

67 DildoBatman the Conjurer (level 4, -1/33 HPs)
             Began as a Formicid Conjurer on Dec 6, 2022.
             Killed from afar by a steam dragon (12 damage)
             ... with a ball of steam
             ... on level 8 of the Dungeon.
             The game lasted 00:03:24 (1848 turns).

DildoBatman the Conjurer (Formicid Conjurer)        Turns: 1848, Time: 00:03:24

Health: -1/33      AC:  2    Str: 12    XL:     4   Next: 40%
Magic:  8/8        EV: 12    Int: 19    God:
Gold:   188        SH:  0    Dex: 12    Spells: 5/8 levels left

rFire   . . .      SeeInvis +   o - +0 rapier
rCold   + . .      Faith    .   (no shield)
rNeg    . . .      Spirit   .   a - +0 robe
rPois   .          Reflect  .   (helmet unavailable)
rElec   .          Harm     .   (no cloak)
rCorr   .          Rampage  .   (no gloves)
Will    .....                   (no boots)
Stlth   ++........              (no amulet)
HPRegen 0.11/turn               h - ring of protection from cold
MPRegen 0.11/turn               (no ring)

@: no status effects
A: permanent stasis, dig shafts and tunnels, antennae 3, four strong arms
a: Dig, Shaft Self


You were on level 8 of the Dungeon.
You visited 1 branch of the dungeon, and saw 5 of its levels.

You collected 188 gold pieces.

Inventory:

Hand Weapons
 i - a +0 hand axe
 j - a +0 dagger
 o - a +0 rapier (weapon)
Missiles
 c - 21 stones
 m - 4 poisoned darts
Armour
 a - a +0 robe (worn)
Jewellery
 h - a ring of protection from cold (left hand)
Wands
 s - a wand of flame (11)
Scrolls
 e - a scroll of immolation {unknown}
 g - a scroll of teleportation {unknown}
 k - 2 scrolls of poison {unknown}
 l - a scroll of fog {unknown}
 n - a scroll of brand weapon {unknown}
 q - a scroll of fear {unknown}
 r - a scroll of blinking {unknown}
Potions
 b - a potion of magic
 d - 2 potions of degeneration {unknown}
 f - a potion of lignification {unknown}
 p - a potion of mutation {unknown}


   Skills:
 * Level 1.7 Fighting
 * Level 1.7 Armour
 - Level 2.0 Dodging
 - Level 2.4 Stealth
 * Level 2.8 Spellcasting
 * Level 4.0 Conjurations


You had 5 spell levels left.
You knew the following spells:

 Your Spells              Type           Power      Damage    Failure   Level
a - Searing Ray           Conj           36%        2d5       4%          2
c - Magic Dart            Conj           72%        1d6       3%          1

Your spell library contained the following spells:

 Spells                   Type           Power      Damage    Failure   Level
 Dazzling Flash           Conj/Hex       20%        N/A       21%         3
 Gell's Gravitas          Tloc           2%         N/A       43%         3
 Lesser Beckoning         Tloc           2%         N/A       43%         3
 Teleport Other           Tloc           2%         N/A       43%         3
 Fulminant Prism          Conj/Hex       5%         3d7       56%         4
 Iskenderun's Mystic Bla  Conj/Tloc      10%        2d4       56%         4


Dungeon Overview and Level Annotations

Branches:
Dungeon (3/15)

Altars:

Annotations:
D:3 Sigmund


Innate Abilities, Weirdness & Mutations

You cannot be hasted, slowed, berserked, paralysed or teleported.
You can dig through walls and to a lower floor.
You have a pair of large antennae on your head. (SInv)
Your four strong arms can wield two-handed weapons with a shield.


Message History

t - Shout!
Orders for allies: a - Attack new target. r - Retreat! s - Stop attacking. g - Guard the area. f - Follow me.
Anything else - Cancel.
You shout for attention!
What are your orders? t - Shout!
Orders for allies: a - Attack new target. r - Retreat! s - Stop attacking. g - Guard the area. f - Follow me.
Anything else - Cancel.
You shout for attention!
What are your orders? t - Shout!
Orders for allies: a - Attack new target. r - Retreat! s - Stop attacking. g - Guard the area. f - Follow me.
Anything else - Cancel.
You shout for attention!
You hear an angry hiss.
What are your orders? t - Shout!
Orders for allies: a - Attack new target. r - Retreat! s - Stop attacking. g - Guard the area. f - Follow me.
Anything else - Cancel.
You shout for attention!
A steam dragon comes into view.
What are your orders? t - Shout!
Orders for allies: a - Attack new target. r - Retreat! s - Stop attacking. g - Guard the area. f - Follow me.
Anything else - Cancel.
You shout for attention!
The steam dragon hisses angrily.
The steam dragon breathes steam at you. The ball of steam hits you!
You die...

### ##
###..##..#
##.###.......#
#......#######
#...@D##
#...$## #....#
##.... ##...
#.... #..##
..##


You could see a steam dragon (catching breath).

Vanquished Creatures
  A hound (D:3)
  2 bats (D:2)
  3 endoplasms
  A giant cockroach (D:2)
  3 hobgoblins
  4 jackals (D:3)
  4 quokkas
  5 ball pythons
  5 goblins
  2 kobolds
  4 rats (D:2)
34 creatures vanquished.

Notes
Turn   | Place    | Note
-------+----------+-------------------------------------------
     0 | D:1      | DildoBatman the Formicid Conjurer began the quest for the
                  | Orb.
     0 | D:1      | Reached XP level 1. HP: 13/13 MP: 3/3
    51 | D:1      | Found a faded altar of an unknown god.
   539 | D:1      | Reached XP level 2. HP: 20/20 MP: 0/5
   542 | D:1      | Learned a level 2 spell: Searing Ray
   904 | D:2      | Reached skill level 1 in Fighting
   956 | D:2      | Reached skill level 1 in Armour
  1056 | D:2      | Reached XP level 3. HP: 26/26 MP: 4/6
  1646 | D:3      | Noticed Sigmund
  1780 | D:3      | Reached skill level 4 in Conjurations
  1780 | D:3      | Reached XP level 4. HP: 4/33 MP: 1/8
  1782 | D:3      | You fall into a shaft and drop 2 floors!
  1782 | D:5      | Entered Level 5 of the Dungeon
  1834 | D:5      | You fall into a shaft and drop 3 floors!
  1845 | D:8      | Noticed a steam dragon
  1848 | D:8      | Killed from afar by a steam dragon

Illustrated notes

Levels and vault maps discovered:
D:1:      dpeg_arrival_lava_temple_mockup, layout_basic,
          hellmonk_ecumenical_altar_lost_god
D:2:      layout_basic, grunt_ministairs_5
D:3:      layout_rooms, gammafunk_ghost_stat_death, serial_rivers,
          chequers_serial_rivers_small_3, chequers_serial_rivers_large_a,
          chequers_serial_rivers_room_b, chequers_serial_rivers_room_a,
          goddamned_bats, uniq_grinder, uniq_sigmund
D:5:      layout_cave_pods, uniq_ijyb, uniq_menkaure
D:8:      layout_layer_cave, cheibriados_altar_1, tso_oasis_becter,
          minmay_misc_feat_nine_boxes

Skill      XL: |  1  2  3 |
---------------+----------+-----
Dodging        | 2 |  2.0
Fighting       | 1 |  1.7
Armour         | 1 |  1.7
Conjurations   | 4 |  4.0
Stealth        | |  2.4
Spellcasting   | |  2.8

Action                   |  1- 3 |  4- 6 || total
-------------------------+-------+-------++-------
Melee: Rapier            |    31 |       ||    31
 Cast: Magic Dart        |    53 |       ||    53
       Searing Ray       |     3 |       ||     3
 Abil: Shaft Self        |       |     2 ||     2
Armor: Robe              |     9 |       ||     9
Dodge: Dodged            |    27 |       ||    27
